 Dungeon Crawl Stone Soup version 0.19-a0-1907-gcff654f (console) character file.

7591 nht the Severer (level 10, -8/77 HPs)
             Began as a Minotaur Berserker on Oct 21, 2016.
             Was a High Priest of Trog.
             Killed from afar by an electric eel (11 damage)
             ... with a bolt of electricity
             ... on level 1 of the Lair of Beasts.
             The game lasted 00:15:43 (7836 turns).

nht the Severer (Minotaur Berserker)                Turns: 7836, Time: 00:15:44

Health: -8/77      AC:  7    Str: 25    XL:     10   Next: 97%
Magic:  0/3        EV: 11    Int:  7    God:    Trog [*****.]
Gold:   604        SH:  0    Dex: 11    Spells: 0 memorised, 9 levels left

rFire  + + .     SeeInvis .     h - +3 battleaxe (antimagic)
rCold  + . .     Gourm    .     A - +1 ring mail of Leapsuam {rF+ rC+ Int+2} (curse)
rNeg   + . .     Faith    .     (shield currently unavailable)
rPois  .         Spirit   +     (helmet restricted)
rElec  .         Reflect  .     (no cloak)
rCorr  .         Harm     .     (no gloves)
MR     .....                    d - +0 pair of boots
Stlth  +.........               I - amulet of guardian spirit
                                f - ring of protection from fire
                                k - ring of positive energy

@: flying
A: retaliatory headbutt, horns 2, strong 1
a: Berserk, Trog's Hand, Brothers in Arms, Burn Spellbooks, Renounce Religion


You were on level 1 of the Lair of Beasts.
You worshipped Trog.
Trog was extremely pleased with you.
You were hungry.

You visited 2 branches of the dungeon, and saw 10 of its levels.
You also visited: Sewer.

You collected 604 gold pieces.

Inventory:

Hand Weapons
 a - a +0 hand axe
 h - a +3 antimagic battleaxe (weapon)
 l - the +5 mace of the Present {freeze, SInv Stlth+, unknown}
   (You found it on level 6 of the Dungeon)

   It has been specially enchanted to freeze those struck by it, causing extra
   injury to most foes and up to half again as much damage against particularly
   susceptible opponents.
   It can also slow down cold-blooded creatures.
   It lets you see invisible.
   It makes you more stealthy.
 w - a +0 war axe of electrocution
 E - a +0 arbalest
Missiles
 G - 104 bolts
Armour
 d - a +0 pair of boots (worn)
 A - the cursed +1 ring mail of Leapsuam (worn) {rF+ rC+ Int+2}
   (You found it on level 6 of the Dungeon)

   It affects your intelligence (+2).
   It protects you from fire.
   It protects you from cold.
   It has a curse placed upon it.
Jewellery
 f - a ring of protection from fire (right hand)
 k - a ring of positive energy (left hand)
 x - an uncursed ring of ice
 I - an amulet of guardian spirit (around neck)
Wands
 z - a wand of slowing (38/48)
Scrolls
 e - 2 scrolls of fog
 i - 6 scrolls of teleportation
 n - 3 scrolls of blinking
 t - 3 scrolls of magic mapping
 v - 2 scrolls of remove curse
 y - 4 scrolls of identify
 B - a scroll of recharging
 H - a scroll of enchant armour
Potions
 g - a potion of heal wounds
 j - 2 potions of lignification
 o - a potion of cure mutation
 p - 8 potions of curing
 q - 4 potions of flight
 r - a potion of magic
 u - 6 potions of brilliance
Comestibles
 b - 4 beef jerkies
 c - 4 bread rations
 m - 4 royal jellies
 s - 9 meat rations
 C - 17 fruits
 D - 7 slices of pizza


   Skills:
 - Level 3.6 Fighting
 + Level 18.6 Axes
 - Level 2.4 Armour
 - Level 2.1 Dodging


You had 9 spell levels left.
You didn't know any spells.

Dungeon Overview and Level Annotations

Branches:
Dungeon (9/15)             Temple (0/1) D:5            Lair (1/6) D:9
    Orc: D:9-12

Altars:
Cheibriados
Elyvilon
Fedhas
Gozag
Qazlal
Ru
Sif Muna
Trog
Uskayaw

Shops:
D:8 [

Annotations:
D:7 exclusion: ice statue
D:8 exclusion: 2 oklob saplings


Innate Abilities, Weirdness & Mutations

You reflexively headbutt those who attack you in melee.
You have a pair of horns on your head.
Your muscles are strong. (Str +2)


Message History

You barely miss the electric eel. Your headbutt misses the electric eel.
You hit the plant but do no damage.
The electric eel shoots out a bolt of lightning at you!
The bolt of electricity misses you. The bolt of electricity hits you!
* * * LOW HITPOINT WARNING * * *
You miss the electric eel. You slash the plant! You slash the electric eel!
The electric eel is almost dead.
You slice the plant!! You closely miss the electric eel.
The electric eel is almost dead.
You hit the plant but do no damage. You closely miss the electric eel.
The electric eel is almost dead.
You hit the plant.
The electric eel shoots out a bolt of lightning at you!
The bolt of electricity hits you!
* * * LOW HITPOINT WARNING * * *
The bolt of electricity hits you!
You die...

█P........██P.█.██.█..█
██...███.
.....P.P██████..P███████.....P
. █.....P██.████.....██ █
█..█.)...........█.█
█.█................█
█.██.≈PP....P.P≈.█. █
█..≈≈PP≈PPP≈ ██.≈≈≈≈P≈≈P≈
█.≈@;≈≈≈P≈≈ █.≈P≈≈≈≈≈≈≈
█..≈P≈P≈≈≈≈P P...♣≈≈P≈≈≈≈P≈
█P...♣≈≈P≈≈≈≈≈≈
██.█.♣♣≈≈≈≈≈≈≈≈ █.█. ♣≈≈≈≈≈≈≈≈
█ █. ♣♣≈≈≈≈≈≈≈ ≈≈≈≈≈≈


You could see an electric eel.

Vanquished Creatures
  A hydra (D:8)
  The ghost of nht the Cleaver, a novice MiHu of Uskayaw (D:8)
  Pikel (D:6)
  Prince Ribbit (D:6)
  2 dream sheep (D:8)
  A hippogriff (D:7)
  2 yaks (D:8)
  A basilisk (Lair:1)
  3 vampire mosquitoes (Lair:1)
  2 insubstantial wisps (Lair:1)
  Purgy (Sewer)
  3 orc warriors
  2 sky beasts
  2 black bears (D:7)
  2 ice beasts
  3 slaves (D:6)
  2 phantoms
  4 ogres
  3 centaurs
  4 crocodiles (D:9)
  3 big kobolds (D:8)
  Blork the orc (D:6)
  A wyvern skeleton (D:8)
  5 scorpions
  3 wights (D:7)
  7 howler monkeys
  3 crimson imps
  5 hounds
  A centaur zombie (D:6)
  7 orc wizards
  2 orc priests
  6 iguanas
  Ijyb (D:3)
  Natasha (thrice) (D:4 D:6 D:8)
  4 worker ants
  A killer bee zombie (D:8)
  A hound zombie (D:9)
  A hound skeleton (D:6)
  A worker ant zombie (D:5)
  4 gnolls (D:3)
  19 adders
  2 river rats
  2 shadow imps (D:8)
  2 oozes
  An adder skeleton (D:4)
  2 worms
  6 dart slugs
  6 leopard geckos
  32 orcs
  11 ball pythons
  3 giant cockroaches
  9 goblins
  7 hobgoblins
  10 jackals
  2 quokkas
  16 bats
  9 frilled lizards
  10 kobolds
  A leopard gecko zombie (D:7)
  2 quokka zombies
  23 rats
  8 fungi (D:9)
  6 plants (D:9)
290 creatures vanquished.

Vanquished Creatures (others)
  3 fungi (D:9)
  A plant (Lair:1)
4 creatures vanquished.

Grand Total: 294 creatures vanquished

Notes
Turn   | Place    | Note
-------+----------+-------------------------------------------
     0 | D:1      | nht the Minotaur Berserker began the quest for the Orb.
     0 | D:1      | Reached XP level 1. HP: 19/19 MP: 0/0
   128 | D:1      | Reached skill level 4 in Axes
   149 | D:1      | Reached XP level 2. HP: 15/26 MP: 1/1
   337 | D:1      | Reached skill level 5 in Axes
   339 | D:1      | Reached XP level 3. HP: 21/31 MP: 2/2
   517 | D:1      | Reached ** piety under Trog
   945 | D:2      | Found a deep blue altar of Sif Muna.
   996 | D:2      | Reached XP level 4. HP: 39/39 MP: 3/3
  1092 | D:2      | Reached skill level 6 in Axes
  1113 | D:2      | Found an opulent altar of Gozag.
  1700 | D:3      | Found a glowing drain.
  1731 | D:3      | Gained mutation: You tend to lose your temper in combat. [potion of mutation]
  1731 | D:3      | Gained mutation: You are frail. (-10% HP) [potion of mutation]
  1731 | D:3      | Gained mutation: Your muscles are strong. (Str +2) [potion of mutation]
  1732 | D:3      | Lost mutation: You are frail. (-10% HP) [potion of cure mutation]
  1732 | D:3      | Lost mutation: You tend to lose your temper in combat. [potion of cure mutation]
  1781 | Sewer    | Entered a sewer
  1897 | Sewer    | Noticed Purgy
  1906 | Sewer    | Killed Purgy
  1906 | Sewer    | Reached skill level 7 in Axes
  1906 | Sewer    | Reached XP level 5. HP: 42/45 MP: 4/4
  2085 | D:3      | Reached *** piety under Trog
  2127 | D:3      | Reached skill level 8 in Axes
  2243 | D:3      | Noticed Ijyb
  2248 | D:3      | Killed Ijyb
  2248 | D:3      | Reached XP level 6. HP: 48/51 MP: 5/5
  2775 | D:4      | Reached skill level 9 in Axes
  3070 | D:4      | Found a hide-covered altar of Uskayaw.
  3107 | D:4      | Noticed Natasha
  3116 | D:4      | Killed Natasha
  3170 | D:4      | Reached XP level 7. HP: 53/57 MP: 6/6
  3503 | D:4      | Reached skill level 10 in Axes
  3531 | D:4      | Found a white marble altar of Elyvilon.
  3558 | D:4      | Found a deep blue altar of Sif Muna.
  3698 | D:4      | Reached **** piety under Trog
  3816 | D:5      | Entered Level 5 of the Dungeon
  3944 | D:5      | Found a staircase to the Ecumenical Temple.
  4186 | D:6      | Noticed Natasha
  4187 | D:6      | Killed Natasha
  4197 | D:6      | Got a twisted mace
  4215 | D:6      | Reached skill level 11 in Axes
  4219 | D:6      | Got a scorched ring mail
  4230 | D:6      | Identified the cursed +1 ring mail of Leapsuam {rF+ rC+ Int+2} (You found it on level 6 of the Dungeon)
  4250 | D:6      | Noticed Prince Ribbit
  4413 | D:6      | Killed Prince Ribbit
  4413 | D:6      | Reached XP level 8. HP: 64/64 MP: 7/7
  4424 | D:6      | Noticed Pikel
  4440 | D:6      | Reached skill level 12 in Axes
  4481 | D:6      | Killed Pikel
  4481 | D:6      | Reached skill level 13 in Axes
  4742 | D:6      | Noticed Blork the orc
  4744 | D:6      | Killed Blork the orc
  4756 | D:6      | Found a stormy altar of Qazlal.
  4827 | D:7      | Reached XP level 9. HP: 54/70 MP: 8/8
  4849 | D:7      | Reached skill level 14 in Axes
  4973 | D:7      | Found a bloodstained altar of Trog.
  5107 | D:7      | Noticed an ice statue
  5287 | D:7      | Reached skill level 15 in Axes
  5458 | D:7      | Found a snail-covered altar of Cheibriados.
  5458 | D:7      | Found a sacrificial altar of Ru.
  5515 | D:8      | Found Zet Vim's Armour Shoppe.
  5636 | D:8      | Found a blossoming altar of Fedhas.
  5677 | D:8      | Noticed nht's ghost (novice MiHu)
  5689 | D:8      | Killed nht's ghost
  5689 | D:8      | Reached skill level 16 in Axes
  5729 | D:8      | Noticed Natasha
  5734 | D:8      | Killed Natasha
  5968 | D:8      | Reached XP level 10. HP: 77/77 MP: 9/9
  6089 | D:8      | Noticed a two-headed hydra
  6103 | D:8      | Killed a six-headed hydra
  6111 | D:8      | Reached skill level 17 in Axes
  6797 | D:9      | Reached ***** piety under Trog
  6981 | D:9      | Reached skill level 18 in Axes
  7135 | D:9      | Found a staircase to the Lair.
  7212 | D:9      | Received a gift from Trog
  7454 | Lair:1   | Entered Level 1 of the Lair of Beasts
  7836 | Lair:1   | HP: 3/77 [electric eel/bolt of electricity (7)]
  7836 | Lair:1   | Killed from afar by an electric eel

Vault maps used:
D:1:      dpeg_arrival_brainrot, patterned_corridor
D:2:      nicolae_overflow_crystal_walls,
          nicolae_gozag_cash_rules_everything_around_me
D:3:      portal_sewer_entry_b, uniq_iyjb
D:4:      kennysheep_mini, old_standard_altar, first_bread,
          hangedman_decor_riveting, lemuel_blue_sif_altar, uniq_natasha
D:6:      nicolae_qazlal_eye_of_the_storm, uniq_blork_the_orc, uniq_pikel,
          uniq_prince_ribbit1
D:7:      lemuel_ice_statue, trog_ov_bears_minmay,
          gammafunk_temple_overflow_statue
D:8:      serial_shops, nicolae_shop_stone, hangedman_ranch,
          introduction_to_nature_1
D:9:      grunt_lair_entry_orc_guard_hut, kennysheep_generic_room_15
Lair:1:   pond, lemuel_fruit_fields, infiniplex_staircase_pool_2,
          serial_bayou_shore_a, uniq_gastronok
Sewer:    sewer_co_purgy_island

Skill      XL: |  1  2  3  4  5  6  7  8  9 10 |
---------------+-------------------------------+-----
Axes           | 4 5 7 8 9 11 13 16 18 | 18.6
Fighting       | |  3.6
Armour         | |  2.4
Dodging        | |  2.1

Action                   |  1- 3 |  4- 6 |  7- 9 | 10-12 || total
-------------------------+-------+-------+-------+-------++-------
Melee: Hand axe          |    77 |   123 |       |       ||   200
       Headbutt          |    14 |    27 |    34 |    32 ||   107
       War axe           |       |    13 |   206 |   154 ||   373
       Battleaxe         |       |       |       |    53 ||    53
Invok: Berserk           |     1 |     2 |     3 |     2 ||     8
       Trog's Hand       |       |       |       |     1 ||     1
       Brothers in Arms  |       |       |       |     1 ||     1
  Use: Scroll            |     6 |     5 |     4 |     2 ||    17
       Potion            |       |     4 |     3 |     3 ||    10
 Stab: Distracted        |     1 |       |       |       ||     1
  Eat: Chunk             |     1 |     9 |    10 |     8 ||    28
       Pizza             |       |       |     1 |       ||     1
Armor: Animal skin       |    11 |    22 |    10 |       ||    43
       Ring mail         |       |       |    40 |    52 ||    92
Dodge: Dodged            |    50 |    60 |    98 |    90 ||   298
